 Dungeon Crawl Stone Soup version 0.17.2-1-ge4368a0 (webtiles) character file.

1643 juanjsm the Shield-Bearer (level 8, -2/51 HPs)
             Began as a Gargoyle Fighter on Apr 27, 2016.
             Slain by a troll (3 damage)
             ... on level 7 of the Dungeon on Sept 1, 2016.
             The game lasted 00:21:53 (5038 turns).

juanjsm the Shield-Bearer (Gargoyle Fighter)        Turns: 5038, Time: 00:21:54

Health: -2/51      AC: 16    Str: 22      XL:     8   Next: 99%
Magic:  8/8        EV:  9    Int: 17      God:
Gold:   364        SH: 11    Dex: 11 (13) Spells: 0 memorised, 7 levels left

rFire  . . .     SeeInvis .     a - +0 flail
rCold  . . .     Clarity  .     b - +0 scale mail
rNeg   + . .     SustAt   .     c - +0 shield
rPois  ∞         Gourm    .     j - +0 helmet
rElec  +         Spirit   .     f - +0 cloak
rCorr  .         Warding  .     C - +0 pair of gloves
rMut   .         Stasis   .     (no boots)
MR     .....                    (no amulet)
Stlth  ..........               z - +4 ring of dexterity
                                x - +3 ring of intelligence

@: brilliant, flying, not resistant to hostile enchantments, extremely
unstealthy
A: negative energy resistance 1, electricity resistance, unbreathing,
petrification resistance, rot immunity, AC +5
a: no special abilities


You were on level 7 of the Dungeon.
You were not hungry.

You visited 2 branches of the dungeon, and saw 8 of its levels.

You collected 364 gold pieces.

Inventory:

Hand Weapons
 a - a +0 flail (weapon)
 u - a +0 shortbow
 w - a +1 war axe of chopping
 y - a cursed -2 dagger
Missiles
 t - 26 arrows
 I - 8 tomahawks of dispersal (quivered)
Armour
 b - a +0 scale mail (worn)
 c - a +0 shield (worn)
 f - a +0 cloak (worn)
 j - a +0 helmet (worn)
 r - a cursed +0 leather armour
 v - a +2 robe of fire resistance
 C - a +0 pair of gloves (worn)
Jewellery
 x - a +3 ring of intelligence (left hand)
 z - a +4 ring of dexterity (right hand)
Wands
 l - a wand of confusion (24)
 J - a wand of paralysis (12)
 M - a wand of confusion (18)
Scrolls
 h - 2 scrolls of recharging {unknown}
 m - a scroll of teleportation {unknown}
 n - 5 scrolls of remove curse {unknown}
 q - 5 scrolls of identify {unknown}
 A - 2 scrolls of fog {unknown}
 D - a scroll of fear {unknown}
 E - a scroll of noise {unknown}
 F - 2 scrolls of amnesia {unknown}
 G - a scroll of enchant armour {unknown}
Potions
 d - a potion of might
 o - a potion of degeneration
 p - a potion of haste {unknown}
 s - 2 potions of flight
 B - a potion of berserk rage {unknown}
 K - a potion of resistance {unknown}
Books
 H - a book of Burglary

   Spells                             Type                      Level
   a - Swiftness                      Charms/Air                   2
   b - Passwall                       Transmutation/Earth          3
   c - Passage of Golubria            Translocation                4
   d - Lee's Rapid Deconstruction     Earth                        5
   e - Darkness                       Hexes                        6
   f - Invisibility                   Hexes                        6
Comestibles
 e - 6 bread rations
 g - 3 meat rations
 i - 2 beef jerkies
 L - 3 chunks of flesh


   Skills:
 + Level 6.3 Fighting
 + Level 5.4 Maces & Flails
 + Level 6.5 Armour
 - Level 2.4 Dodging
 + Level 7.1 Shields


You had 7 spell levels left.
You didn't know any spells.

Dungeon Overview and Level Annotations

Branches:
Dungeon (7/15)             Temple (1/1) D:5

Altars:
Ashenzari
Dithmenos
Elyvilon
Fedhas
Gozag
Kikubaaqudgha
Makhleb
Nemelex Xobeh
Qazlal
Ru
Sif Muna
Trog
Vehumet
Xom
The Shining One

Annotations:
D:6 Prince Ribbit


Innate Abilities, Weirdness & Mutations

You are resistant to torment.
Your stone body is resilient (AC +5).
You are immune to poison.
You resist negative energy.
You are resistant to electric shocks.
You can survive without breathing.
You are immune to petrification.
You are immune to rotting.


Message History

You block the troll's attack. The troll claws you but does no damage.
The troll claws you but does no damage.
Drink which item? (? for menu, Esc to quit)
It was a potion of flight.
You feel very buoyant.
You fly up into the air.
You block the troll's attack.
The troll claws you but does no damage. x2
Drink which item? (? for menu, Esc to quit)
It was a potion of degeneration.
There was something very wrong with that liquid.
You feel clumsy. The troll bites you but does no damage.
The troll barely misses you. The troll barely misses you.
Drink which item? (? for menu, Esc to quit)
It was a potion of brilliance.
You feel clever all of a sudden. The troll bites you.
* * * LOW HITPOINT WARNING * * *
The troll claws you.
You die...

##################
.................#
################.#
#.# #.# #@# #T#
#####Z# ...#.#
########.#.#
...........#
....####.### . #.#
#.#


You could see a troll and an adder zombie.

Vanquished Creatures
  Sigmund (D:6)
  A black bear (D:6)
  A phantom (D:4)
  An ogre (D:5)
  A centaur (D:3)
  A big kobold (D:5)
  A water moccasin zombie (D:5)
  A giant frog (D:6)
  A scorpion (D:5)
  2 crimson imps
  A centaur skeleton (D:5)
  4 orc priests
  Crazy Yiuf (D:3)
  Ijyb (D:2)
  A hound (D:6)
  5 orc wizards
  A giant frog skeleton (D:6)
  9 worker ants
  Robin (D:3)
  8 adders
  A shadow imp (D:5)
  2 adder skeletons
  An adder zombie (D:5)
  4 worms
  A giant gecko (D:2)
  16 orcs
  5 giant cockroaches
  20 goblins
  6 hobgoblins
  2 jackals (D:3)
  3 ball pythons
  7 bats
  3 giant newts
  27 kobolds
  15 rats
  4 plants (D:5)
160 creatures vanquished.

Vanquished Creatures (others)
  An orc wizard (D:5)
  A kobold (D:3)
  A plant (D:5)
3 creatures vanquished.

Grand Total: 163 creatures vanquished

Notes
Turn   | Place    | Note
--------------------------------------------------------------
     0 | D:1      | juanjsm the Gargoyle Fighter began the quest for the Orb.
     0 | D:1      | Reached XP level 1. HP: 14/14 MP: 1/1
    80 | D:2      | Reached XP level 2. HP: 17/19 MP: 2/2
   147 | D:1      | Reached XP level 3. HP: 23/23 MP: 3/3
   464 | D:2      | Noticed Ijyb
   481 | D:2      | Killed Ijyb
   481 | D:2      | Reached skill level 1 in Dodging
   481 | D:2      | Reached skill level 4 in Shields
   481 | D:2      | Reached XP level 4. HP: 20/29 MP: 4/4
  1028 | D:2      | Found an ancient bone altar of Kikubaaqudgha.
  1114 | D:3      | Noticed Robin
  1144 | D:3      | Killed Robin
  1323 | D:3      | Found a stormy altar of Qazlal.
  1367 | D:3      | Noticed a centaur
  1374 | D:3      | Killed a centaur
  1374 | D:3      | Reached XP level 5. HP: 25/33 MP: 5/5
  1679 | D:3      | Reached XP level 6. HP: 35/38 MP: 6/6
  1731 | D:3      | Noticed Crazy Yiuf
  1739 | D:3      | Killed Crazy Yiuf
  1887 | D:3      | Reached skill level 5 in Shields
  2299 | D:3      | Upgraded the game from 0.17.1-3-g152610e to 0.17.2-1-ge4368a0
  2541 | D:4      | Reached XP level 7. HP: 40/44 MP: 7/7
  2628 | D:4      | Reached skill level 5 in Armour
  2935 | D:5      | Entered Level 5 of the Dungeon
  3098 | D:5      | Reached skill level 5 in Fighting
  3270 | D:5      | Reached skill level 6 in Shields
  3270 | D:5      | Reached XP level 8. HP: 42/49 MP: 8/8
  3384 | D:5      | Found a staircase to the Ecumenical Temple.
  3419 | Temple   | Entered the Ecumenical Temple
  4337 | D:6      | Noticed Sigmund
  4361 | D:6      | Killed Sigmund
  4395 | D:6      | Reached skill level 5 in Maces & Flails
  4476 | D:6      | Found an opulent altar of Gozag.
  4737 | D:6      | Reached skill level 7 in Shields
  4877 | D:6      | Noticed Prince Ribbit
  5009 | D:7      | Noticed a troll
  5038 | D:7      | HP: 1/51 [troll (5)]
  5038 | D:7      | Slain by a troll

Action                   |  1- 3 |  4- 6 |  7- 9 || total
-------------------------+-------+-------+-------++-------
Melee: Flail             |    97 |   291 |   434 ||   822
  Use: Potion            |       |       |     3 ||     3
  Eat: Chunk             |       |     6 |     6 ||    12
       Royal jelly       |       |       |     1 ||     1
       Beef jerky        |       |       |     1 ||     1
